MWL (24 & UNDER)
ERIE JAXX @ MANHATTEN MEATHEADS
06/26/2025
 
TOP OF THE 1ST
Erie Jaxx batting - Pitching for Manhatten Meatheads : RHP Doug Cole
Pitching: RHP Doug Cole
Batting: RHB Luis Fuentes 0-0: Called Strike
0-1: Foul Ball, location: 2F
0-2: Ground out 6-3 (Groundball, 6)
Batting: RHB Steve Clifton 0-0: Called Strike
0-1: Called Strike
0-2: Foul Ball, location: 2F
0-2: Strikes out looking
Batting: LHB Ron Crawford 0-0: Called Strike
0-1: Ball
1-1: Foul Ball, location: 2F
1-2: Ball
2-2: Ball
3-2: Strikes out swinging
Top of the 1st over - 0 run(s), 0 hit(s), 0 error(s), 0 left on base; Erie 0 - Manhatten 0
BOTTOM OF THE 1ST
Manhatten Meatheads batting - Pitching for Erie Jaxx : RHP Barry Garner
Pitching: RHP Barry Garner
Batting: SHB Will Evans 0-0: Ball
1-0: Ball
2-0: Ball
3-0: Called Strike
3-1: Bunted foul
3-2: Foul Ball, location: 2F
3-2: Hit by Pitch
Batting: RHB Alfredo Díaz 0-0: Ball
1-0: Foul Ball, location: 2F
1-1: Foul Ball, location: 2F
1-2: Ball
2-2: Ball
Will Evans steals 2nd base
3-2: Base on Balls
Batting: RHB Doug Coleman 0-0: Called Strike
0-1: Swinging Strike
0-2: Strikes out swinging
Batting: RHB Claudio Gonzáles 0-0: Foul Ball, location: 2F
0-1: Ball
Will Evans is caught stealing 3rd base
Alfredo Díaz to second
1-1: Ball
2-1: Foul Ball, location: 2F
2-2: Ball
3-2: Strikes out swinging
Bottom of the 1st over - 0 run(s), 0 hit(s), 0 error(s), 1 left on base; Erie 0 - Manhatten 0
TOP OF THE 2ND
Erie Jaxx batting - Pitching for Manhatten Meatheads : RHP Doug Cole
Batting: LHB Mike Pearson 0-0: Ball
1-0: Called Strike
1-1: Called Strike
1-2: Ball
2-2: Foul Ball, location: 2F
2-2: Foul Ball, location: 2F
2-2: Ball
3-2: Fly out, F8 (Flyball, 8RM)
Batting: RHB Raúl Bruno 0-0: DOUBLE (Line Drive, 3L)
Batting: SHB Giel Molendijk 0-0: Called Strike
0-1: Fly out, F8 (Flyball, 8RD)
Runner from 2nd tags up, SAFE at 3rd, no throw
Batting: LHB Josh Pérez 0-0: Ball
1-0: Foul Ball, location: 2F
1-1: Ground out 4-3 (Groundball, 4M)
Top of the 2nd over - 0 run(s), 1 hit(s), 0 error(s), 1 left on base; Erie 0 - Manhatten 0
BOTTOM OF THE 2ND
Manhatten Meatheads batting - Pitching for Erie Jaxx : RHP Barry Garner
Batting: SHB Cornell Payne 0-0: Foul Ball, location: 2F
0-1: Ball
1-1: Foul Ball, location: 2F
1-2: Strikes out looking
Batting: LHB Scott Young 0-0: Ball
1-0: Ball
2-0: Ball
3-0: Called Strike
3-1: Base on Balls
Batting: RHB Júlio Galló 0-0: Called Strike
0-1: Ball
1-1: Called Strike
1-2: Strikes out swinging
Batting: RHB Ramón Ybarra 0-0: Foul Ball, location: 2F
0-1: Foul Ball, location: 2F
0-2: Strikes out swinging
Bottom of the 2nd over - 0 run(s), 0 hit(s), 0 error(s), 1 left on base; Erie 0 - Manhatten 0
TOP OF THE 3RD
Erie Jaxx batting - Pitching for Manhatten Meatheads : RHP Doug Cole
Batting: RHB Júlio Hernández 0-0: Ball
1-0: Called Strike
1-1: DOUBLE (Flyball, 89M)
Batting: LHB Ernesto López 0-0: Called Strike
0-1: Ground out 4-3 (Groundball, 4)
Júlio Hernández to third
Batting: RHB Luis Fuentes 0-0: Called Strike
0-1: Called Strike
0-2: Strikes out swinging
Batting: RHB Steve Clifton 0-0: Fly out, F9 (Flyball, 9LM)
Top of the 3rd over - 0 run(s), 1 hit(s), 0 error(s), 1 left on base; Erie 0 - Manhatten 0
BOTTOM OF THE 3RD
Manhatten Meatheads batting - Pitching for Erie Jaxx : RHP Barry Garner
Batting: RHB Augusto Baca 0-0: Ball
1-0: Called Strike
1-1: SINGLE (Line Drive, 4D)
Batting: SHB Will Evans 0-0: Ball
1-0: Ball
2-0: Foul Ball, location: 2F
2-1: Ball
3-1: Swinging Strike
3-2: Strikes out swinging
Batting: RHB Alfredo Díaz 0-0: Called Strike
0-1: Swinging Strike
0-2: Ball
1-2: Strikes out swinging
Batting: RHB Doug Coleman 0-0: SINGLE (Line Drive, 56D)
Augusto Baca to second
Batting: RHB Claudio Gonzáles 0-0: Fly out, F9 (Flyball, 89D)
Bottom of the 3rd over - 0 run(s), 2 hit(s), 0 error(s), 2 left on base; Erie 0 - Manhatten 0
TOP OF THE 4TH
Erie Jaxx batting - Pitching for Manhatten Meatheads : RHP Doug Cole
Batting: LHB Ron Crawford 0-0: Ball
1-0: Ball
2-0: Foul Ball, location: 2F
2-1: Foul Ball, location: 2F
2-2: Ground out U3 (Groundball, 3)
Batting: LHB Mike Pearson 0-0: Called Strike
0-1: Ground out 4-3 (Groundball, 34)
Batting: RHB Raúl Bruno 0-0: Fly out, F9 (Line Drive, 9D)
Top of the 4th over - 0 run(s), 0 hit(s), 0 error(s), 0 left on base; Erie 0 - Manhatten 0
BOTTOM OF THE 4TH
Manhatten Meatheads batting - Pitching for Erie Jaxx : RHP Barry Garner
Batting: SHB Cornell Payne 0-0: Called Strike
0-1: Fly out, F6 (Popup, 6)
Batting: LHB Scott Young 0-0: Swinging Strike
0-1: Called Strike
0-2: Ball
1-2: Strikes out swinging
Batting: RHB Júlio Galló 0-0: Ball
1-0: Called Strike
1-1: SINGLE (Groundball, 56D)
Batting: RHB Ramón Ybarra 0-0: Ball
1-0: Fly out, F8 (Flyball, 8RM)
Bottom of the 4th over - 0 run(s), 1 hit(s), 0 error(s), 1 left on base; Erie 0 - Manhatten 0
TOP OF THE 5TH
Erie Jaxx batting - Pitching for Manhatten Meatheads : RHP Doug Cole
Batting: SHB Giel Molendijk 0-0: Called Strike
0-1: Ball
1-1: Ball
2-1: Ball
3-1: Base on Balls
Batting: LHB Josh Pérez 0-0: Ball
1-0: Ball
2-0: Ball
3-0: Base on Balls
Giel Molendijk to second
Batting: RHB Júlio Hernández 0-0: Ball
1-0: Fly out, F8 (Flyball, 8LS)
Batting: LHB Ernesto López 0-0: Ball
Giel Molendijk steals 3rd base
Josh Pérez to second
1-0: Ball
2-0: Ball
3-0: Base on Balls
Batting: RHB Luis Fuentes 0-0: Called Strike
0-1: Foul Ball, location: 2F
0-2: Ground out 5-3 (Groundball, 56S)
Giel Molendijk scores
Josh Pérez to third
Ernesto López to second
Batting: RHB Steve Clifton 0-0: Fly out, F6 (Popup, 6MS)
Top of the 5th over - 1 run(s), 0 hit(s), 0 error(s), 2 left on base; Erie 1 - Manhatten 0
BOTTOM OF THE 5TH
Manhatten Meatheads batting - Pitching for Erie Jaxx : RHP Barry Garner
Batting: RHB Augusto Baca 0-0: Called Strike
0-1: Ball
1-1: SINGLE (Line Drive, 6D)
Batting: SHB Will Evans 0-0: Called Strike
0-1: Foul Ball, location: 2F
0-2: Ball
1-2: Ball
2-2: Fielders Choice at 2nd, 6-4 (Groundball, 6)
Batting: RHB Alfredo Díaz 0-0: Called Strike
0-1: Fielders Choice at 2nd, 5-4 (Groundball, 56)
Batting: RHB Doug Coleman 0-0: Ball
1-0: Ball
2-0: Called Strike
2-1: Ball
Alfredo Díaz steals 2nd base
3-1: SINGLE (Line Drive, 89S)
Alfredo Díaz to third
Runner from 3rd tries for Home, SAFE, no throw or cutoff
Batting: RHB Claudio Gonzáles 0-0: Foul Ball, location: 2F
0-1: Ground out 1-3 (Groundball, 13S)
Bottom of the 5th over - 1 run(s), 2 hit(s), 0 error(s), 1 left on base; Erie 1 - Manhatten 1
TOP OF THE 6TH
Erie Jaxx batting - Pitching for Manhatten Meatheads : RHP Doug Cole
Batting: LHB Ron Crawford 0-0: Ball
1-0: Foul Ball, location: 2F
1-1: Foul Ball, location: 2F
1-2: Strikes out looking
Batting: LHB Mike Pearson 0-0: Foul Ball, location: 2F
0-1: Ball
1-1: Ball
2-1: Foul Ball, location: 2F
2-2: Fly out, F6 (Popup, 6)
Batting: RHB Raúl Bruno 0-0: Foul Ball, location: 2F
0-1: Foul Ball, location: 2F
0-2: Foul Ball, location: 2F
0-2: Ball
1-2: Strikes out swinging
Top of the 6th over - 0 run(s), 0 hit(s), 0 error(s), 0 left on base; Erie 1 - Manhatten 1
BOTTOM OF THE 6TH
Manhatten Meatheads batting - Pitching for Erie Jaxx : RHP Barry Garner
Batting: SHB Cornell Payne 0-0: Called Strike
0-1: Swinging Strike
0-2: Fly out, F7 (Flyball, 7M)
Batting: LHB Scott Young 0-0: Ball
1-0: Called Strike
1-1: Foul Ball, location: 2F
1-2: Strikes out looking
Batting: RHB Júlio Galló 0-0: Ball
1-0: Ball
2-0: Ball
3-0: Base on Balls
Pitching: RHP Steve Newman
Batting: RHB Ramón Ybarra 0-0: Swinging Strike
0-1: Ball
1-1: Ball
2-1: Called Strike
2-2: Ball
3-2: Strikes out looking
Bottom of the 6th over - 0 run(s), 0 hit(s), 0 error(s), 1 left on base; Erie 1 - Manhatten 1
TOP OF THE 7TH
Erie Jaxx batting - Pitching for Manhatten Meatheads : RHP Doug Cole
Batting: SHB Giel Molendijk 0-0: Fly out, F7 (Flyball, 7M)
Pinch Hitting: LHB Milton Watson 0-0: Ball
1-0: Called Strike
1-1: Called Strike
1-2: Ball
2-2: Foul Ball, location: 2F
2-2: Strikes out swinging
Pinch Hitting: RHB Ken Longoria 0-0: Called Strike
0-1: Foul Ball, location: 2F
0-2: Foul Ball, location: 2F
0-2: Ball
1-2: Ground out 4-3 (Groundball, 4)
Top of the 7th over - 0 run(s), 0 hit(s), 0 error(s), 0 left on base; Erie 1 - Manhatten 1
BOTTOM OF THE 7TH
Manhatten Meatheads batting - Pitching for Erie Jaxx : RHP Steve Newman
Now at 1B: Milton Watson
Now at 3B: Guaspar Vasche
Batting: RHB Augusto Baca 0-0: Ball
1-0: Foul Ball, location: 2F
1-1: Ball
2-1: Ground out 4-3 (Groundball, 13)
Batting: SHB Will Evans 0-0: Ball
1-0: Called Strike
1-1: Hit by Pitch
Batting: RHB Alfredo Díaz 0-0: Ball
1-0: Foul Ball, location: 2F
1-1: Called Strike
1-2: Fly out, F8 (Flyball, 8LM)
Batting: RHB Doug Coleman 0-0: Ball
1-0: Swinging Strike
1-1: Swinging Strike
1-2: Ball
2-2: Strikes out swinging
Bottom of the 7th over - 0 run(s), 0 hit(s), 0 error(s), 1 left on base; Erie 1 - Manhatten 1
TOP OF THE 8TH
Erie Jaxx batting - Pitching for Manhatten Meatheads : RHP Doug Cole
Pitching: RHP Salvador De Jesús
Batting: LHB Ernesto López 0-0: Foul Ball, location: 2F
0-1: DOUBLE (Line Drive, 56)
Pinch Hitting: LHB Thomas Dixon 0-0: Intentional Walk
Batting: RHB Steve Clifton 0-0: Bunt missed!
0-1: Sac Bunt - play at first, batter OUT! 1-4
Ernesto López to third
Thomas Dixon to second
Batting: LHB Ron Crawford 0-0: Ball
1-0: Called Strike
1-1: Foul Ball, location: 2F
1-2: Ball
2-2: Foul Ball, location: 2F
2-2: Strikes out swinging
Batting: LHB Mike Pearson 0-0: Called Strike
0-1: Ball
1-1: Fly out, F8 (Flyball, 78XD)
Top of the 8th over - 0 run(s), 1 hit(s), 0 error(s), 2 left on base; Erie 1 - Manhatten 1
BOTTOM OF THE 8TH
Manhatten Meatheads batting - Pitching for Erie Jaxx : RHP Steve Newman
Now in CF: Jerry Moore
Batting: RHB Claudio Gonzáles 0-0: Fly out, F7 (Flyball, 78S)
Pinch Hitting: RHB Greg Lee 0-0: Called Strike
0-1: Ball
1-1: Ball
2-1: Reached on error, E5 (Groundball, 5S)
Pitching: LHP Phil Forbes
Pinch Runner at 1st Mark McDonald:
Batting: LHB Scott Young 0-0: Ball
Mark McDonald steals 2nd base
1-0: Foul Ball, location: 2F
1-1: Foul Ball, location: 2F
1-2: Strikes out swinging
Pitching: RHP Cliff Erwin
Batting: RHB Júlio Galló 0-0: Swinging Strike
0-1: Called Strike
0-2: Ball
1-2: Fly out, F3 (Popup, 3DF)
Bottom of the 8th over - 0 run(s), 0 hit(s), 1 error(s), 1 left on base; Erie 1 - Manhatten 1
TOP OF THE 9TH
Erie Jaxx batting - Pitching for Manhatten Meatheads : RHP Salvador De Jesús
Pitching: LHP Aaron Gibbs
Now in CF: Mark McDonald
Batting: RHB Raúl Bruno 0-0: Ball
1-0: Ball
2-0: Called Strike
2-1: Foul Ball, location: 2F
2-2: Foul Ball, location: 2F
2-2: Ground out 6-3 (Groundball, 6)
Batting: SHB Giel Molendijk 0-0: Ground out 3-1 (Groundball, 34)
Pinch Hitting: RHB Cássio Cardenas 0-0: Ball
1-0: Foul Ball, location: 2F
1-1: Ball
2-1: Ball
3-1: Base on Balls
Pinch Hitting: SHB Ben Marks 0-0: Called Strike
0-1: Foul Ball, location: 2F
0-2: Fly out, F9 (Flyball, 89S)
Top of the 9th over - 0 run(s), 0 hit(s), 0 error(s), 1 left on base; Erie 1 - Manhatten 1
BOTTOM OF THE 9TH
Manhatten Meatheads batting - Pitching for Erie Jaxx : RHP Cliff Erwin
Now at 1B: Cássio Cardenas
Now at 2B: Ben Marks
Batting: RHB Ramón Ybarra 0-0: Ball
1-0: Ball
2-0: Swinging Strike
2-1: Ball
3-1: Base on Balls
Pinch Runner at 1st José Esparza:
Batting: RHB Augusto Baca 0-0: Called Strike
0-1: Foul Ball, location: 2F
0-2: Ball
1-2: Foul Ball, location: 2F
1-2: Ball
2-2: Foul Ball, location: 2F
2-2: Strikes out swinging
Batting: SHB Will Evans 0-0: Ball
José Esparza is caught stealing 2nd base
1-0: Called Strike
1-1: Ball
2-1: Swinging Strike
2-2: Ball
3-2: Strikes out looking
Bottom of the 9th over - 0 run(s), 0 hit(s), 0 error(s), 0 left on base; Erie 1 - Manhatten 1
TOP OF THE 10TH
Erie Jaxx batting - Pitching for Manhatten Meatheads : LHP Aaron Gibbs
Now at 3B: Raúl Marrero
Pinch Hitting: RHB Alfredo Ramírez 0-0: Ball
1-0: Ball
2-0: Ball
3-0: Called Strike
3-1: Foul Ball, location: 2F
3-2: SINGLE (Line Drive, 4MD)
Batting: RHB Jerry Moore 0-0: Ball
1-0: Called Strike
1-1: Sac Bunt - play at second, runner OUT! 2-6
Batting: RHB Steve Clifton 0-0: Fly out, F5 (Popup, 25F)
Batting: LHB Ron Crawford 0-0: Ball
1-0: Called Strike
1-1: Foul Ball, location: 2F
1-2: Ball
2-2: Ball
Jerry Moore is caught stealing 2nd base
Top of the 10th over - 0 run(s), 1 hit(s), 0 error(s), 0 left on base; Erie 1 - Manhatten 1
BOTTOM OF THE 10TH
Manhatten Meatheads batting - Pitching for Erie Jaxx : RHP Cliff Erwin
Now in LF: Denny Allen
Batting: RHB Alfredo Díaz 0-0: Ball
1-0: Called Strike
1-1: Foul Ball, location: 2F
1-2: Strikes out swinging
Batting: RHB Doug Coleman 0-0: Called Strike
0-1: Ball
1-1: SINGLE (Line Drive, 8LS)
Batting: RHB Claudio Gonzáles 0-0: Ball
1-0: Swinging Strike
1-1: Foul Ball, location: 2F
1-2: Fly out, F8 (Flyball, 8LXD)
Pinch Hitting: SHB José Sousa 0-0: SINGLE (Line Drive, 8RS)
Doug Coleman to second
Batting: LHB Scott Young 0-0: Fly out, F3 (Popup, 3F)
Bottom of the 10th over - 0 run(s), 2 hit(s), 0 error(s), 2 left on base; Erie 1 - Manhatten 1
TOP OF THE 11TH
Erie Jaxx batting - Pitching for Manhatten Meatheads : LHP Aaron Gibbs
Pitching: RHP Víctor Viña
Now in CF: José Sousa
Batting: LHB Ron Crawford 0-0: Ground out 4-3 (Groundball, 4)
Batting: LHB Mike Pearson 0-0: Ball
1-0: Ball
2-0: SOLO HOME RUN (Line Drive, 9D), Distance : 368 ft
Batting: RHB Raúl Bruno 0-0: Ground out 3-1 (Groundball, 34)
Batting: SHB Giel Molendijk 0-0: Called Strike
0-1: Ball
1-1: Swinging Strike
1-2: Foul Ball, location: 2F
1-2: SINGLE (Line Drive, 89S)
Batting: RHB Cássio Cardenas 0-0: Called Strike
0-1: Ball
1-1: Ball
2-1: Foul Ball, location: 2F
2-2: Ball
3-2: Base on Balls
Giel Molendijk to second
Batting: SHB Ben Marks 0-0: Called Strike
0-1: Swinging Strike
0-2: Ball
1-2: Foul Ball, location: 2F
1-2: Strikes out looking
Top of the 11th over - 1 run(s), 2 hit(s), 0 error(s), 2 left on base; Erie 2 - Manhatten 1
BOTTOM OF THE 11TH
Manhatten Meatheads batting - Pitching for Erie Jaxx : RHP Cliff Erwin
Pitching: RHP Eric Wilson
Batting: RHB Júlio Galló 0-0: Fly out, F9 (Flyball, 89M)
Batting: RHB Raúl Marrero 0-0: Ball
1-0: Fly out, F6 (Popup, 56)
Batting: RHB Augusto Baca 0-0: Swinging Strike
0-1: Ground out 5-3 (Groundball, 56)
Bottom of the 11th over - 0 run(s), 0 hit(s), 0 error(s), 0 left on base; Erie 2 - Manhatten 1
This league is powered by Out of the Park Baseball, the baseball management simulation game for PC, Mac and Linux
Tuesday, August 2nd, 2016 - OOTP Baseball 16.8 Build 38